 Dungeon Crawl Stone Soup version 0.30-a0-782-ge64f9170bb (webtiles) character file.

Game seed: 3312671619737701461

16193 Querens the Unseen (level 12, -7/51 HPs)
             Began as a Spriggan Enchanter on Feb 22, 2023.
             Was a Priest of Dithmenos.
             Killed from afar by an acid dragon (27 damage)
             ... with a splash of acid
             ... on level 11 of the Dungeon.
             The game lasted 00:44:19 (8661 turns).

Querens the Unseen (Spriggan Enchanter)             Turns: 8661, Time: 00:44:20

Health: -7/51      AC:  3    Str:  4    XL:     12   Next: 7%
Magic:  7/28       EV: 17    Int: 18    God:    Dithmenos [***...]
Gold:   479        SH:  0    Dex: 19    Spells: 25/34 levels left

rFire   . . .      SeeInvis +    a - +1 dagger
rCold   . . .      Faith    .    (no shield)
rNeg    + + .      Spirit   .    b - +0 robe
rPois   .          Reflect  .    (helmet restricted)
rElec   .          Harm     .    F - +0 cloak
rCorr   .          Rampage  .    (gloves unavailable)
Will    ++...                    (boots unavailable)
Stlth   ++++++++++               (no amulet)
HPRegen 0.28/turn                v - ring of positive energy
MPRegen 0.21/turn                C - ring of positive energy

@: wreathed by umbra, very quick
A: very small, no large weapons, unfitting armour, see invisible, speed 3
a: Renounce Religion, Shadow Step


You were on level 11 of the Dungeon.
You worshipped Dithmenos.
Dithmenos was most pleased with you.
You visited 3 branches of the dungeon, and saw 13 of its levels.

You collected 725 gold pieces.
You spent 246 gold pieces at shops.

Inventory:

Hand Weapons
 a - a +1 dagger (weapon)
Missiles
 d - 21 poisoned darts (quivered)
 E - 3 curare-tipped darts
 G - 2 throwing nets
Armour
 b - a +0 robe (worn)
 F - a +0 cloak (worn)
 M - a scarf of resistance
Jewellery
 p - an amulet of faith
 v - a ring of positive energy (left hand)
 A - a ring of willpower
 C - a ring of positive energy (right hand)
Wands
 o - a wand of digging (9)
 q - a wand of mindburst (30)
 u - a wand of iceblast (2)
Scrolls
 e - a scroll of fear
 i - 4 scrolls of immolation
 k - 3 scrolls of blinking
 r - 4 scrolls of fog
 s - 3 scrolls of enchant armour
 t - 3 scrolls of summoning
 w - 9 scrolls of teleportation
 x - 6 scrolls of enchant weapon
 y - 2 scrolls of poison
 I - 2 scrolls of magic mapping
 N - a scroll of identify
Potions
 c - 2 potions of invisibility
 f - 11 potions of curing
 g - 5 potions of mutation {unknown}
 h - 8 potions of heal wounds
 j - 2 potions of haste
 l - a potion of cancellation {unknown}
 n - 3 potions of magic {unknown}
 z - 2 potions of lignification {unknown}
 B - a potion of ambrosia {unknown}
 D - 2 potions of attraction {unknown}
 J - 2 potions of brilliance {unknown}
 K - 2 potions of might {unknown}
 L - a potion of flight {unknown}


   Skills:
 - Level 10.3 Short Blades
 - Level 2.6 Dodging
 + Level 18.0 Stealth
 - Level 11.5 Spellcasting
 - Level 11.7 Hexes


You had 25 spell levels left.
You knew the following spells:

 Your Spells              Type           Power      Damage    Failure   Level
a - Ensorcelled Hibernat  Hex/Ice        62%        N/A       1%          2
b - Slow                  Hex            100%       N/A       1%          1
c - Confusing Touch       Hex            51%        N/A       1%          3
d - Tukima's Dance        Hex            51%        N/A       1%          3

Your spell library contained the following spells:

 Spells                   Type           Power      Damage    Failure   Level
 Dazzling Flash           Conj/Hex       62%        N/A       1%          3
 Necrotise                Necr           40%        1d6       7%          1
 Vampiric Draining        Necr           10%        2d6       21%         3
 Agony                    Necr           10%        N/A       88%         5


Dungeon Overview and Level Annotations

Branches:
Dungeon (11/15)            Temple (1/1) D:6            Lair (0/5) D:8
    Orc (1/2) D:9

Altars:
Ashenzari
Cheibriados
Dithmenos
Elyvilon
Fedhas
Gozag
Hepliaklqana
Kikubaaqudgha
Makhleb
Nemelex Xobeh
Okawaru
Qazlal
Ru
Sif Muna
Trog
Uskayaw
Vehumet
Wu Jian
Xom
Yredelemnul
Zin
The Shining One
Ignis

Shops:
D:1 ((:   D:5 [   D:11 ?


Innate Abilities, Weirdness & Mutations

You are very small and have problems with some larger weapons.
You are too small for most types of armour.
You have supernaturally acute eyesight. (SInv)
You cover ground extremely quickly. (Speed+++)


Message History

You barely miss the gnoll.
The gnoll is moderately wounded.
You hit the gnoll.
The gnoll is severely wounded.
The gnoll hits you with a +0 club.
You hit the gnoll but do no damage.
The gnoll is severely wounded.
You hit the gnoll but do no damage. Your punch misses the gnoll.
The gnoll is severely wounded.
The gnoll closely misses you.
You hit the gnoll but do no damage.
The gnoll is severely wounded.
You hit the gnoll. Your punch misses the gnoll.
The gnoll is almost dead.
The gnoll completely misses you.
You hit the gnoll but do no damage.
The gnoll is almost dead.
You hit the gnoll.
You kill the gnoll!
Dithmenos accepts your kill.
You see here a +0 club.
An acid dragon comes into view.
Casting: Ensorcelled Hibernation (safe; 1% risk of failure)
Confirm with . or Enter, or press ? or * to list all spells.
Aiming: Ensorcelled Hibernation (safe; 1% risk of failure)
Press: ? - help, Shift-Dir - straight line, f - acid dragon
Aim: an acid dragon (wandering, hasn't noticed you, umbra, chance to affect: 61%)
The acid dragon roars!
The acid dragon resists with significant effort.
The acid dragon bites you. The acid dragon barely misses you.
Casting: Ensorcelled Hibernation (safe; 1% risk of failure)
Confirm with . or Enter, or press ? or * to list all spells.
Aiming: Ensorcelled Hibernation (safe; 1% risk of failure)
Press: ? - help, Shift-Dir - straight line, f/p - acid dragon
Aim: an acid dragon (umbra, chance to affect: 61%)
The acid dragon resists with significant effort.
The acid dragon spits acid at you. The splash of acid hits you!!
Ouch! That really hurt!
You die...

##..........# #.#
#..####.###.#.. ## #.#
##..##...# #.##.#. ###
#.# #...#....# #.##... ..
#.# #...#....# #.##.....
#.# #)......?# ..#...#.
#.. ....#######..#....
########.# ..).#
###...#..D# #.#
........##
....####.....#..@# #.#
##.#####.#
.....(.......#...# #.# .#
##. ##.###########...#
#.# .# #.
....##?..#####...# #.# .#
#. ###............).# #.#
.# #.
####.####.##...###.####.#
#. #.# #...............#
#. #.# #.##.#.###......#
#. #.####.##.#.#
#####.#######.


You could see an acid dragon (catching breath).

Vanquished Creatures
  Erica (D:9)
  4 two-headed ogres
  The ghost of Viceroy the Arsonist, a novice NaFE of Cheibriados (D:6)
  Pikel (D:5)
  A cyclops (D:11)
  2 manticores
  3 unseen horrors (D:11)
  2 trolls (D:11)
  A blink frog (shapeshifter) (D:9)
  5 wyverns
  2 shadows (D:11)
  19 yaks
  2 wraiths
  A basilisk (D:8)
  2 steam dragons
  2 acid dragons
  7 water moccasins
  A swamp drake (D:9)
  2 orc warriors (D:9)
  2 sky beasts
  An ice beast (D:5)
  A black bear (D:5)
  3 ogres
  5 centaurs
  7 bullfrogs
  Blork the orc (D:5)
  A kobold brigand (D:6)
  A necrophage (D:5)
  5 scorpions
  A gnoll sergeant (D:8)
  A wight (D:9)
  2 killer bees
  A howler monkey (D:11)
  A hound (D:5)
  2 jellies (D:5)
  2 gnoll boudas (D:5)
  9 orc priests
  Natasha (D:3)
  Ijyb (D:3)
  10 orc wizards
  4 iguanas
  12 gnolls
  5 adders
  2 shadow imps
  A white imp (D:7)
  A worm (D:3)
  4 dart slugs
  31 orcs
  4 ball pythons
  12 endoplasms
  3 giant cockroaches
  6 goblins
  8 hobgoblins
  6 jackals
  5 kobolds
  4 quokkas
  9 bats
  8 frilled lizards
  5 rats
247 creatures vanquished.

Vanquished Creatures (collateral kills)
  A two-headed ogre (D:11)
  An orc warrior (D:11)
  2 wights (D:6)
  An orc wizard (D:8)
5 creatures vanquished.

Vanquished Creatures (others)
  3 dancing weapons
  A bush (D:8)
  2 fungi (D:8)
  25 plants
31 creatures vanquished.

Grand Total: 283 creatures vanquished

Notes
Turn   | Place    | Note
-------+----------+-------------------------------------------
     0 | D:1      | Querens the Spriggan Enchanter began the quest for the Orb.
     0 | D:1      | Reached XP level 1. HP: 9/9 MP: 5/5
   289 | D:1      | Found Cafiggur's Weapon Shop.
   297 | D:1      | Reached XP level 2. HP: 13/13 MP: 7/7
   383 | D:1      | Found Affo's Book Boutique.
   405 | D:1      | Learned a level 2 spell: Ensorcelled Hibernation
   476 | D:1      | Reached XP level 3. HP: 7/16 MP: 8/8
   531 | D:1      | Reached skill level 5 in Stealth
   566 | D:1      | Found a faded altar of an unknown god.
   612 | D:1      | Got Plato's Incunable of Jinxing
   621 | D:1      | Found Xiluwab's Weapon Shop.
   762 | D:2      | Learned a level 1 spell: Slow
   766 | D:2      | Learned a level 3 spell: Confusing Touch
  1092 | D:2      | Reached XP level 4. HP: 21/21 MP: 10/10
  1207 | D:3      | Noticed Ijyb
  1219 | D:3      | Killed Ijyb
  1516 | D:3      | Noticed Natasha
  1520 | D:3      | Killed Natasha
  1550 | D:3      | Found an ancient bone altar of Kikubaaqudgha.
  1554 | D:3      | Found a basalt altar of Yredelemnul.
  1555 | D:3      | Found a glowing golden altar of the Shining One.
  1565 | D:3      | Found a blossoming altar of Fedhas.
  1568 | D:3      | Found a shimmering blue altar of Sif Muna.
  1724 | D:3      | Found a sacrificial altar of Ru.
  1806 | D:4      | Reached XP level 5. HP: 18/24 MP: 11/11
  1852 | D:4      | Reached skill level 6 in Stealth
  1929 | D:4      | Reached skill level 5 in Hexes
  1939 | D:4      | Noticed a steam dragon
  1959 | D:4      | Killed a steam dragon
  1960 | D:4      | Reached XP level 6. HP: 24/28 MP: 3/14
  1990 | D:4      | Reached skill level 7 in Stealth
  2086 | D:4      | Reached skill level 5 in Spellcasting
  2180 | D:5      | Entered Level 5 of the Dungeon
  2193 | D:5      | Noticed Pikel
  2214 | D:5      | Killed Pikel
  2215 | D:5      | Reached skill level 8 in Stealth
  2215 | D:5      | Reached XP level 7. HP: 18/32 MP: 12/16
  2316 | D:5      | Reached skill level 5 in Short Blades
  2321 | D:5      | Reached XP level 8. HP: 22/36 MP: 8/18
  2449 | D:5      | Found an ornate altar of the Wu Jian Council.
  2716 | D:5      | Reached skill level 9 in Stealth
  2907 | D:5      | Found Tabi's Armour Shop.
  3133 | D:5      | Noticed Blork the orc
  3270 | D:5      | Killed Blork the orc
  3303 | D:5      | Reached skill level 10 in Stealth
  3399 | D:6      | Learned a level 3 spell: Tukima's Dance
  3582 | D:6      | Reached XP level 9. HP: 39/39 MP: 21/21
  3676 | D:6      | Found a runed translucent door.
  3676 | D:6      | Noticed Viceroy's ghost (novice NaFE)
  3726 | D:6      | Killed Viceroy's ghost
  3951 | D:6      | Reached skill level 11 in Stealth
  3956 | D:6      | Found a staircase to the Ecumenical Temple.
  3976 | Temple   | Entered the Ecumenical Temple
  4300 | D:7      | Found a shadowy altar of Dithmenos.
  4308 | D:7      | Became a worshipper of Dithmenos the Shadowed
  4963 | D:8      | Found a staircase to the Lair.
  5006 | D:8      | Reached skill level 12 in Stealth
  5006 | D:8      | Reached XP level 10. HP: 26/44 MP: 12/24
  5178 | D:8      | Reached * piety under Dithmenos
  5182 | D:8      | Noticed a two-headed ogre
  5208 | D:8      | Killed a two-headed ogre
  5209 | D:8      | Reached skill level 10 in Hexes
  5466 | D:8      | Reached skill level 13 in Stealth
  5473 | D:8      | Reached skill level 10 in Spellcasting
  5649 | D:8      | Found a burning altar of Makhleb.
  5933 | D:9      | Noticed Erica
  5945 | D:9      | Killed Erica
  5946 | D:9      | Reached XP level 11. HP: 47/47 MP: 19/26
  6090 | D:9      | Reached ** piety under Dithmenos
  6091 | D:9      | Reached skill level 14 in Stealth
  6334 | D:9      | Found a staircase to the Orcish Mines.
  6698 | D:9      | Noticed a two-headed ogre
  6731 | D:9      | Killed a two-headed ogre
  6736 | D:9      | Reached skill level 10 in Short Blades
  6883 | Orc:1    | Entered Level 1 of the Orcish Mines
  7050 | D:10     | Entered Level 10 of the Dungeon
  7054 | D:10     | Noticed a two-headed ogre
  7064 | D:10     | Killed a two-headed ogre
  7395 | D:10     | Found a sparkling altar of Nemelex Xobeh.
  7776 | D:9      | Reached *** piety under Dithmenos
  7867 | D:9      | Reached skill level 15 in Stealth
  8282 | D:11     | Found Vaiwef's Magic Scroll Emporium.
  8294 | D:11     | Bought a scroll of magic mapping for 127 gold pieces
  8294 | D:11     | Bought a scroll of identify for 34 gold pieces
  8294 | D:11     | Bought a scroll of identify for 34 gold pieces
  8294 | D:11     | Bought a scroll of identify for 34 gold pieces
  8294 | D:11     | Bought a scroll of noise for 17 gold pieces
  8358 | D:11     | Reached skill level 16 in Stealth
  8378 | D:11     | Noticed a two-headed ogre
  8427 | D:11     | Killed a two-headed ogre
  8514 | D:11     | Reached skill level 17 in Stealth
  8519 | D:11     | Noticed a two-headed ogre
  8531 | D:11     | Killed a two-headed ogre
  8603 | D:11     | Reached XP level 12. HP: 26/51 MP: 19/28
  8642 | D:11     | Reached skill level 18 in Stealth
  8661 | D:11     | Killed from afar by an acid dragon

Illustrated notes

Levels and vault maps discovered:
D:1:      ebering_hopf_link, layout_basic, shapermc_ecumenical_altar_rom_forum,
          serial_shops, nicolae_shop_hallway_plus, shop,
          nicolae_shop_bloodbath_and_beyond, minmay_octomino_c4
D:2:      layout_rooms, grunt_ministairs_3
D:3:      layout_basic, minmay_overflow_temple_star_hex, marbit_many_paths,
          chequers_jeans, small_statue_intersection, chequers_big_river,
          uniq_ijyb, uniq_natasha
D:4:      layout_rooms, hangedman_abyss_or_decor_slice, minmay_lizard_king
D:5:      minmay_spotlight, layout_cave_pods, mainiacjoe_overflow_chevrons,
          serial_shops, nicolae_lakefront_shop, uniq_blork_the_orc, uniq_pikel
D:6:      layout_basic, minmay_temple_entry_ruins,
          hellmonk_ghost_happy_afterlife
D:7:      layout_loops_cross, nicolae_dithmenos_shadow_blocks, chequers_garden
D:8:      layout_loops_ring, kennysheep_mini, minmay_lair_entry_grove,
          minivault_23, hangedman_decor_lopped
D:9:      minmay_opposing_rooms, layout_long_grid, erik_orc_1,
          kennysheep_generic_room_2, uniq_erica
D:10:     layout_irregular_city, nemelex_diamond_rough_becter
D:11:     minmay_recursive_quarters, layout_loops_ring, serial_shops,
          nicolae_lakefront_shop
Temple:   pdpol_scorched_temple
Orc:1:    layout_diamond_mine, mines2_lemuel

Skill      XL: |  1  2  3  4  5  6  7  8  9 10 11 12 |
---------------+-------------------------------------+-----
Spellcasting   | 3 4 5 6 7 9 10 11 | 11.5
Hexes          | 4 5 6 7 9 10 11 | 11.7
Stealth        | 5 6 8 10 12 13 17 18 | 18.0
Short Blades   | 2 3 4 5 6 7 9 10 | 10.3
Dodging        | |  2.6

Action                     |  1- 3 |  4- 6 |  7- 9 | 10-12 || total
---------------------------+-------+-------+-------+-------++-------
  Melee: Dagger            |   177 |   120 |   136 |   259 ||   692
         Punch             |     1 |     1 |     1 |     1 ||     4
  Throw: Dart              |       |       |     3 |       ||     3
   Cast: Ensorcelled Hiber |     2 |    17 |    56 |   110 ||   185
         Confusing Touch   |       |     1 |     6 |    11 ||    18
         Slow              |       |       |     8 |     5 ||    13
         Tukima's Dance    |       |       |     4 |    12 ||    16
  Evoke: Wand              |       |       |     7 |    25 ||    32
    Use: Scroll            |       |       |       |    14 ||    14
   Stab: Sleeping          |    18 |    12 |    37 |    72 ||   139
         Confused          |       |     2 |     6 |     9 ||    17
         Distracted        |       |       |       |     3 ||     3
 Armour: Robe              |    14 |    11 |     3 |    12 ||    40
  Dodge: Dodged            |   141 |    76 |    62 |   156 ||   435

Table legend: (Time is in decaauts)
 A = Elapsed time spent in this place.
 B = Non-inter-level travel time spent in this place.
 C = Inter-level travel time spent in this place.
 D = Time resting spent in this place.
 E = Time spent auto-exploring this place.
 F = Levels seen in this place.
 G = Mean time per level.
                   A        B        C        D        E       F      G
               +--------+--------+--------+--------+--------+-----+--------+
         Total |   5718 |   5297 |    421 |    290 |     81 |  13 |  439.8 |
       Dungeon |   5588 |   5169 |    419 |    290 |      0 |  11 |  508.0 |
        Temple |    104 |    103 |      1 |      0 |     81 |   1 |  104.0 |
  Orcish Mines |     26 |     26 |      0 |      0 |      0 |   1 |   26.0 |
               +--------+--------+--------+--------+--------+-----+--------+

Top non-repeatable levels by time:
     D:9: 1071 daAuts
     D:5: 759 daAuts
     D:8: 676 daAuts
     D:6: 494 daAuts
     D:1: 483 daAuts
    D:11: 430 daAuts
    D:10: 388 daAuts
     D:3: 382 daAuts
     D:7: 306 daAuts
     D:2: 301 daAuts
     D:4: 293 daAuts
  Temple: 104 daAuts
   Orc:1: 26 daAuts
